[Event "CZE-ch Youth G10-G12-G14 2022"]
[Site "Luhacovice"]
[Date "2022.03.14"]
[Round "4.16"]
[White "Stavova, Lucie"]
[Black "Kammova, Katerina"]
[Result "0-1"]
[ECO "C00"]
[WhiteElo "1048"]
[BlackElo "1376"]
[Annotator "NA"]
[PlyCount "98"]
[EventDate "2022.03.12"]
[EventType "swiss"]
[EventCountry "CZE"]
[SourceTitle "playchess.com"]
[Source "ChessBase"]
[SourceQuality "1"]
[TimeControl "40/5400+30:1800+30"]

1. e4 e6 2. d3 d5 3. Nd2 Nf6 4. Ngf3 Be7 5. g3 O-O 6. Bg2 c5 7. O-O Nc6 8. Re1 Rb8 9. Qe2 Qc7 10. Nf1 b5 11. c3 h6 12. h4 Rd8 13. e5 Nd7 14. Bf4 c4 15. d4 b4 16. a3 bxa3 17. bxa3 Na5 18. N1h2 Nb3 19. Ra2 Qa5 20. Qe3 Bf8 21. g4 Rb7 22. h5 Qc7 23. g5 hxg5 24. Bxg5 f6 25. exf6 Nxf6 26. h6 Re8 27. Bxf6 gxf6 28. Ng4 Be7 29. h7+ Kh8 30. Nh4 Bf8 31. Ng6+ Kxh7 32. Nxf8+ Rxf8 33. Qh3+ Kg7 34. f3 Kf7 35. Qh5+ Ke7 36. Nh6 Kd8 37. Kf2 Qf4 38. Rb2 Qg5 39. Qh2 Rh7 40. Qd6+ Ke8 41. Rxe6+ Bxe6 42. Qxe6+ Kd8 43. Qd6+ Kc8 44. Qxf8+ Kc7 45. Nf7 Qh4+ 46. Ke3 Qe1+ 47. Re2 Qxc3+ 48. Kf2 Qxd4+ 49. Kg3 Qh4# 0-1

[Event "CZE-ch Youth G10-G12-G14 2022"]
[Site "Luhacovice"]
[Date "2022.03.14"]
[Round "4.17"]
[White "Stara, Zuzana"]
[Black "Pruskova, Justyna"]
[Result "1-0"]
[ECO "C48"]
[WhiteElo "1322"]
[BlackElo "1003"]
[Annotator "NA"]
[PlyCount "49"]
[EventDate "2022.03.12"]
[EventType "swiss"]
[EventCountry "CZE"]
[SourceTitle "playchess.com"]
[Source "ChessBase"]
[SourceQuality "1"]
[TimeControl "40/5400+30:1800+30"]

1. e4 e5 2. Nf3 Nc6 3. Bb5 Nf6 4. O-O Bc5 5. d3 d6 6. Nc3 O-O 7. h3 h6 8. Bg5 Re8 9. Bh4 Be6 10. Ba4 Bb4 11. Nd5 Bc5 12. Bxf6 gxf6 13. Nh4 Kh7 14. Qf3 Bxd5 15. exd5 Nd4 16. Qe4+ f5 17. Nxf5 Rf8 18. Nxd4+ Kh8 19. Nf3 f5 20. Qh4 Rf6 21. Ng5 Kg8 22. Ne6 Qe7 23. Nxc7 Rc8 24. Ne8 a6 25. Qxf6 1-0

[Event "CZE-ch Youth G10-G12-G14 2022"]
[Site "Luhacovice"]
[Date "2022.03.14"]
[Round "4.18"]
[White "Barteckova, Nikol"]
[Black "Krisicova Neli"]
[Result "1/2-1/2"]
[ECO "C56"]
[WhiteElo "1140"]
[BlackElo "1093"]
[Annotator "NA"]
[PlyCount "109"]
[EventDate "2022.03.12"]
[EventType "swiss"]
[EventCountry "CZE"]
[SourceTitle "playchess.com"]
[Source "ChessBase"]
[SourceQuality "1"]
[TimeControl "40/5400+30:1800+30"]

1. e4 e5 2. Nf3 Nc6 3. d4 exd4 4. Bc4 Nf6 5. e5 d5 6. Bb5 Nd7 7. Bf4 Be7 8. Nxd4 Nxd4 9. Qxd4 c6 10. Be2 Bc5 11. Qd1 Qe7 12. O-O Nxe5 13. Re1 O-O 14. Bd3 Bd6 15. Bg3 Qf6 16. Nc3 Nxd3 17. Qxd3 Bf5 18. Qd2 Rfe8 19. Rac1 Bb4 20. a3 Ba5 21. b4 Bb6 22. Na4 Bd4 23. c3 Be5 24. Bxe5 Rxe5 25. Nc5 b6 26. Nd3 Re6 27. Nf4 Re7 28. Nh5 Rxe1+ 29. Rxe1 Qh4 30. Ng3 Be4 31. f3 Bg6 32. Qd4 Qxd4+ 33. cxd4 Rc8 34. Re7 a5 35. bxa5 bxa5 36. Rd7 a4 37. Re7 Bc2 38. Ne2 Kf8 39. Re3 c5 40. Rc3 Bb3 41. dxc5 Bc4 42. Nf4 Rxc5 43. Nxd5 Rxd5 44. Rxc4 Ra5 45. Kf2 Ke7 46. g4 Ke6 47. Rb4 f5 48. h3 h6 49. Kg3 Ra6 50. h4 Ra5 51. Kf4 fxg4 52. fxg4 g5+ 53. hxg5 hxg5+ 54. Kg3 Kd5 55. Kf3 1/2-1/2

[Event "CZE-ch Youth G10-G12-G14 2022"]
[Site "Luhacovice"]
[Date "2022.03.14"]
[Round "4.19"]
[White "Martinkova Klara"]
[Black "Hladka, Leontyna"]
[Result "1/2-1/2"]
[ECO "C50"]
[WhiteElo "1177"]
[BlackElo "1134"]
[Annotator "NA"]
[PlyCount "108"]
[EventDate "2022.03.12"]
[EventType "swiss"]
[EventCountry "CZE"]
[SourceTitle "playchess.com"]
[Source "ChessBase"]
[SourceQuality "1"]
[TimeControl "40/5400+30:1800+30"]

1. e4 e5 2. Nf3 Nc6 3. Bc4 Nf6 4. d3 Bc5 5. Nc3 d6 6. Be3 Bb6 7. h3 Be6 8. Nd5 Bxd5 9. Bxd5 Nxd5 10. exd5 Ne7 11. c4 Nf5 12. Qa4+ Qd7 13. Qxd7+ Kxd7 14. Bxb6 axb6 15. O-O f6 16. Rfd1 Rhe8 17. g4 Nd4 18. Kg2 c6 19. a3 cxd5 20. cxd5 Ra5 21. Nxd4 exd4 22. Re1 Re5 23. Re4 Raxd5 24. Rc1 Rc5 25. Rd1 Rc2 26. Rxd4 Rxb2 27. Rc1 Ree2 28. Rf4 Red2 29. Rc3 Ra2 30. h4 Rdc2 31. Rxc2 Rxc2 32. Rf5 Rc3 33. Rh5 h6 34. g5 Rc5 35. Kg3 fxg5 36. hxg5 Rxg5+ 37. Rxg5 hxg5 38. Kg4 Ke6 39. Kxg5 Kf7 40. Kf5 b5 41. Ke4 Ke6 42. Kd4 b6 43. Kc3 Kd5 44. Kb4 Kc6 45. d4 g5 46. f3 Kd5 47. Kxb5 Kxd4 48. Kxb6 Kc4 49. a4 d5 50. a5 d4 51. a6 d3 52. a7 d2 53. a8=Q d1=Q 54. Qc6+ Kb3 1/2-1/2

[Event "CZE-ch Youth G10-G12-G14 2022"]
[Site "Luhacovice"]
[Date "2022.03.14"]
[Round "4.20"]
[White "Bartova Hana"]
[Black "Archlebova Eva"]
[Result "1-0"]
[ECO "C50"]
[WhiteElo "1000"]
[BlackElo "1040"]
[Annotator "NA"]
[PlyCount "63"]
[EventDate "2022.03.12"]
[EventType "swiss"]
[EventCountry "CZE"]
[SourceTitle "playchess.com"]
[Source "ChessBase"]
[SourceQuality "1"]
[TimeControl "40/5400+30:1800+30"]

1. e4 e5 2. Nf3 Nc6 3. Bc4 Nf6 4. d3 h6 5. Nc3 Bc5 6. O-O d6 7. Na4 Bg4 8. Nxc5 dxc5 9. c3 O-O 10. Be3 b6 11. Bb5 Qd6 12. Bxc6 Qxc6 13. h3 Bh5 14. Nxe5 Qe6 15. Nf3 Rad8 16. Qe2 c4 17. dxc4 Qxe4 18. Rad1 c5 19. Rxd8 Rxd8 20. b4 cxb4 21. cxb4 b5 22. cxb5 Qxb4 23. Bxa7 Rd2 24. Qxd2 Qxb5 25. Ra1 Qb7 26. Be3 Qe4 27. a4 Bxf3 28. gxf3 Qxf3 29. Qd8+ Kh7 30. Qc8 Nd5 31. Qg4 Qf6 32. Bd4 1-0

[Event "CZE-ch Youth G10-G12-G14 2022"]
[Site "Luhacovice"]
[Date "2022.03.14"]
[Round "4.21"]
[White "Vaclavkova Klara"]
[Black "Nova Anezka"]
[Result "1-0"]
[ECO "D40"]
[WhiteElo "1000"]
[BlackElo "1111"]
[Annotator "NA"]
[PlyCount "64"]
[EventDate "2022.03.12"]
[EventType "swiss"]
[EventCountry "CZE"]
[SourceTitle "playchess.com"]
[Source "ChessBase"]
[SourceQuality "1"]
[TimeControl "40/5400+30:1800+30"]

1. d4 d5 2. c4 e6 3. Nf3 Nf6 4. Nc3 c5 5. e3 Nc6 6. Bd3 dxc4 7. Bxc4 Bd6 8. O-O Qc7 9. d5 Ne5 10. Nb5 Nxf3+ 11. Qxf3 Bxh2+ 12. Kh1 Qe5 13. d6 O-O 14. Qh3 Qe4 15. Bb3 Qd3 16. Rd1 Qxb5 17. Qxh2 Ne4 18. Bc2 Nf6 19. Bd3 Qc6 20. b3 h6 21. Bb2 Nd5 22. Qg3 g6 23. Bxg6 f6 24. Bh5+ Kh8 25. Bf3 Qd7 26. Bxd5 exd5 27. Rxd5 Qe7 28. Rad1 Qf7 29. R5d4 Be6 30. R4d2 Qg7 31. Qh4 Qg5 32. d7 Kg7 1-0

[Event "CZE-ch Youth G10-G12-G14 2022"]
[Site "Luhacovice"]
[Date "2022.03.14"]
[Round "4.22"]
[White "Bouchalova, Kveta"]
[Black "Martinkovicova Nela"]
[Result "1-0"]
[ECO "C36"]
[WhiteElo "1303"]
[BlackElo "1032"]
[Annotator "NA"]
[PlyCount "113"]
[EventDate "2022.03.12"]
[EventType "swiss"]
[EventCountry "CZE"]
[SourceTitle "playchess.com"]
[Source "ChessBase"]
[SourceQuality "1"]
[TimeControl "40/5400+30:1800+30"]

1. e4 e5 2. f4 d5 3. exd5 exf4 4. Nf3 Qxd5 5. Nc3 Qd8 6. d4 Bd6 7. Bc4 Bg4 8. O-O Nd7 9. Nd5 Nb6 10. Nxb6 cxb6 11. Qe2+ Qe7 12. Qxe7+ Nxe7 13. Ng5 O-O 14. Bxf4 Bxf4 15. Rxf4 Bh5 16. Raf1 h6 17. Nxf7 b5 18. Nxh6+ Kh7 19. Rxf8 Rxf8 20. Rxf8 bxc4 21. Nf5 Nd5 22. c3 g6 23. Rf7+ Kh8 24. Ng3 Bg4 25. Rxb7 a5 26. Rb5 Ne3 27. Rxa5 Nd1 28. Rg5 Bd7 29. Rxg6 Nxb2 30. d5 Na4 31. Ne2 Kh7 32. Rg3 Nb6 33. d6 Nc8 34. Rg5 Kh6 35. Rd5 Nb6 36. Rd4 Kg6 37. Rf4 Nc8 38. Rxc4 Be6 39. Rd4 Kf5 40. d7 Bxd7 41. Rxd7 Nb6 42. Re7 Nd5 43. Re8 Nc7 44. Nd4+ Kg6 45. Rf8 Nd5 46. c4 Nb4 47. c5 Kg7 48. Rf2 Kg6 49. c6 Nxc6 50. Nxc6 Kg5 51. a4 Kg4 52. a5 Kg5 53. a6 Kg6 54. a7 Kg5 55. a8=Q Kg4 56. Rf3 Kg5 57. Qg8+ 1-0

[Event "CZE-ch Youth G10-G12-G14 2022"]
[Site "Luhacovice"]
[Date "2022.03.14"]
[Round "4.23"]
[White "Kubatova Beta"]
[Black "Barteckova, Valerie"]
[Result "0-1"]
[ECO "C45"]
[WhiteElo "1071"]
[BlackElo "1250"]
[Annotator "NA"]
[PlyCount "45"]
[EventDate "2022.03.12"]
[EventType "swiss"]
[EventCountry "CZE"]
[SourceTitle "playchess.com"]
[Source "ChessBase"]
[SourceQuality "1"]
[TimeControl "40/5400+30:1800+30"]

1. e4 e5 2. Nf3 Nc6 3. d4 exd4 4. Nxd4 Bc5 5. Nb3 Bb6 6. Nc3 Qf6 7. Qe2 Nge7 8. g3 d6 9. Bg2 O-O 10. O-O Be6 11. Be3 Ne5 12. Bxb6 Bc4 13. Qd2 c6 14. Qc1 N7g6 15. Qd1 Nf3+ 16. Qxf3 Qxf3 17. Bxf3 Ne5 18. Be2 Rfe8 19. Rfd1 Red8 20. f4 Ng6 21. Bxc4 Kf8 22. Kf2 h6 23. Kf3 0-1

[Event "CZE-ch Youth G10-G12-G14 2022"]
[Site "Luhacovice"]
[Date "2022.03.14"]
[Round "4.24"]
[White "Kavanova Valentyna"]
[Black "Souralova, Alena"]
[Result "1-0"]
[ECO "D07"]
[WhiteElo "1000"]
[BlackElo "1010"]
[Annotator "NA"]
[PlyCount "123"]
[EventDate "2022.03.12"]
[EventType "swiss"]
[EventCountry "CZE"]
[SourceTitle "playchess.com"]
[Source "ChessBase"]
[SourceQuality "1"]
[TimeControl "40/5400+30:1800+30"]

1. d4 d5 2. Nf3 Nc6 3. c4 e5 4. Nxe5 Nxe5 5. dxe5 d4 6. Bf4 Bc5 7. a3 Be6 8. b4 Be7 9. Nd2 f6 10. e3 dxe3 11. Bxe3 fxe5 12. Qh5+ Bf7 13. Qxe5 Nf6 14. Be2 O-O 15. O-O Qd7 16. Rad1 Rfe8 17. Ne4 Bd6 18. Nxf6+ gxf6 19. Qxf6 Re6 20. Bg4 Rxf6 21. Bxd7 Bxc4 22. Rfe1 b6 23. Rd4 Be6 24. Bxe6+ Rxe6 25. g3 c5 26. Rg4+ Kh8 27. Kf1 cxb4 28. Bd4+ Be5 29. Bxe5+ Rxe5 30. Rxe5 bxa3 31. Re2 a5 32. Ra2 b5 33. Rxa3 b4 34. Rb3 Rb8 35. Rb1 Rb5 36. Re1 Rb8 37. Rb1 Rb5 38. Ke2 h5 39. Rh4 Kg7 40. Rf4 Kg6 41. Rd1 Kg5 42. h4+ Kg6 43. Rd6+ Kg7 44. Rc4 Rb7 45. Ra6 a4 46. Rxa4 Kg6 47. Raxb4 Rxb4 48. Rxb4 Kf5 49. Kf3 Ke5 50. Rb5+ Kd4 51. Rxh5 Kd3 52. Re5 Kd4 53. Kf4 Kd3 54. Re4 Kd2 55. Re3 Kc2 56. Ke4 Kd2 57. Kd4 Kc2 58. Rd3 Kb2 59. Kc4 Kc2 60. Kd4 Kb2 61. Rc3 Ka2 62. Kd3 1-0

[Event "CZE-ch Youth G10-G12-G14 2022"]
[Site "Luhacovice"]
[Date "2022.03.14"]
[Round "4.25"]
[White "Havelkova Kamila"]
[Black "Zezulova Sara"]
[Result "1-0"]
[ECO "C52"]
[WhiteElo "1092"]
[BlackElo "1000"]
[Annotator "NA"]
[PlyCount "66"]
[EventDate "2022.03.12"]
[EventType "swiss"]
[EventCountry "CZE"]
[SourceTitle "playchess.com"]
[Source "ChessBase"]
[SourceQuality "1"]
[TimeControl "40/5400+30:1800+30"]

1. e4 e5 2. Nf3 Nc6 3. Bc4 Bc5 4. b4 Bxb4 5. c3 Ba5 6. d4 f6 7. O-O Nge7 8. Qb3 Rf8 9. d5 Ng6 10. dxc6 bxc6 11. Ba3 Nf4 12. Bxf8 Kxf8 13. Bg8 Qe7 14. Bxh7 Qf7 15. Qa3+ d6 16. Qxa5 Ne2+ 17. Kh1 Bg4 18. Nh4 Rc8 19. Ng6+ Ke8 20. Qa6 Rd8 21. Qxc6+ Rd7 22. Nh4 Ke7 23. Ng6+ Ke8 24. Nd2 f5 25. Rab1 Qe6 26. Rb8+ Kf7 27. Bg8+ Kf6 28. Bxe6 Kxe6 29. Re8+ Kf7 30. Rf8+ Kxg6 31. Qxd7 Kg5 32. Qxg7+ Kh4 33. Rh8+ Bh5 1-0

[Event "CZE-ch Youth G10-G12-G14 2022"]
[Site "Luhacovice"]
[Date "2022.03.14"]
[Round "4.26"]
[White "Spetlova Stella"]
[Black "Mojzisova Barbora"]
[Result "0-1"]
[ECO "C45"]
[WhiteElo "1000"]
[BlackElo "1089"]
[Annotator "NA"]
[PlyCount "108"]
[EventDate "2022.03.12"]
[EventType "swiss"]
[EventCountry "CZE"]
[SourceTitle "playchess.com"]
[Source "ChessBase"]
[SourceQuality "1"]
[TimeControl "40/5400+30:1800+30"]

1. e4 e5 2. Nf3 Nc6 3. d4 exd4 4. Nxd4 Bc5 5. Nb3 Bb6 6. Nc3 Nge7 7. Bg5 O-O 8. Bb5 a6 9. Bc4 Qe8 10. O-O Na5 11. Nxa5 Bxa5 12. Re1 h6 13. Bh4 Ng6 14. Bg3 b5 15. Bd3 Ne5 16. Bxe5 Qxe5 17. Qd2 Bxc3 18. Qxc3 Qxc3 19. bxc3 Bb7 20. c4 bxc4 21. Bxc4 Rfe8 22. f3 c6 23. Bd3 d5 24. exd5 Rxe1+ 25. Rxe1 cxd5 26. c4 dxc4 27. Bxc4 Kf8 28. Kf2 f6 29. g3 Re8 30. Rxe8+ Kxe8 31. f4 Kd7 32. Ke2 Kd6 33. Ke3 Kc5 34. Kd3 a5 35. h3 g5 36. fxg5 fxg5 37. g4 Bg2 38. Bf7 Bxh3 39. Bh5 Kd5 40. Ke3 Ke5 41. Kf3 Bf1 42. Ke3 Bc4 43. a3 Bg8 44. Ke2 Kd4 45. Kd2 Bh7 46. Kc1 Kc3 47. Bf7 Be4 48. Kd1 Bf3+ 49. Kc1 Bxg4 50. Kb1 h5 51. Bd5 h4 52. Bg2 h3 53. Bxh3 Bxh3 54. Kc1 Kb3 0-1

[Event "CZE-ch Youth G10-G12-G14 2022"]
[Site "Luhacovice"]
[Date "2022.03.14"]
[Round "4.27"]
[White "Lukaskova Ellen"]
[Black "Maresova Denisa"]
[Result "1-0"]
[ECO "C01"]
[WhiteElo "1058"]
[BlackElo "1103"]
[Annotator "NA"]
[PlyCount "53"]
[EventDate "2022.03.12"]
[EventType "swiss"]
[EventCountry "CZE"]
[SourceTitle "playchess.com"]
[Source "ChessBase"]
[SourceQuality "1"]
[TimeControl "40/5400+30:1800+30"]

1. e4 e6 2. Nc3 d5 3. exd5 exd5 4. d4 Nf6 5. Bg5 Be7 6. Nf3 O-O 7. Bd3 Bb4 8. O-O Bxc3 9. bxc3 Nc6 10. Ne5 Qd6 11. Nxc6 Qxc6 12. Qf3 Nd7 13. Rfe1 Qd6 14. Be7 Qc6 15. Bxf8 Kxf8 16. c4 Nf6 17. cxd5 Nxd5 18. Be4 Be6 19. Bf5 Bxf5 20. Qxf5 Rd8 21. Qxh7 Nf6 22. Qd3 Nh5 23. Qe4 Qf6 24. Qh7 g6 25. c3 Rd6 26. Qh6+ Kg8 27. Re8# 1-0

[Event "CZE-ch Youth G10-G12-G14 2022"]
[Site "Luhacovice"]
[Date "2022.03.14"]
[Round "4.28"]
[White "Kubickova Linda"]
[Black "Archlebova Iva"]
[Result "0-1"]
[ECO "C29"]
[WhiteElo "1000"]
[BlackElo "1028"]
[Annotator "NA"]
[PlyCount "42"]
[EventDate "2022.03.12"]
[EventType "swiss"]
[EventCountry "CZE"]
[SourceTitle "playchess.com"]
[Source "ChessBase"]
[SourceQuality "1"]
[TimeControl "40/5400+30:1800+30"]

1. e4 e5 2. Nc3 Nf6 3. f4 Nc6 4. Nf3 exf4 5. e5 Ng4 6. h3 Ngxe5 7. Nxe5 Nxe5 8. d4 Qh4+ 9. Kd2 Qf2+ 10. Qe2 Qxd4+ 11. Ke1 Bb4 12. Bd2 O-O 13. Nb5 Qxb2 14. Qd1 Bxd2+ 15. Kxd2 d6 16. Nxc7 Rb8 17. Ke2 Nc4 18. Kf3 Be6 19. Bxc4 Bxc4 20. Kxf4 Qe5+ 21. Kf3 Rbc8 0-1

[Event "CZE-ch Youth G10-G12-G14 2022"]
[Site "Luhacovice"]
[Date "2022.03.14"]
[Round "4.29"]
[White "Dudkova, Josefina"]
[Black "Rybackova, Lucie"]
[Result "0-1"]
[ECO "D94"]
[WhiteElo "1545"]
[BlackElo "1612"]
[Annotator "NA"]
[PlyCount "64"]
[EventDate "2022.03.12"]
[EventType "swiss"]
[EventCountry "CZE"]
[SourceTitle "playchess.com"]
[Source "ChessBase"]
[SourceQuality "1"]
[TimeControl "40/5400+30:1800+30"]

1. e4 c6 2. d4 d5 3. exd5 cxd5 4. c4 Nf6 5. Nc3 g6 6. h3 Bg7 7. Nf3 O-O 8. Be2 Nc6 9. O-O Bf5 10. Bf4 Rc8 11. c5 Ne4 12. Rc1 Nxc3 13. Rxc3 e5 14. Nxe5 Nxe5 15. Bxe5 Bxe5 16. dxe5 d4 17. Rc4 d3 18. Bf3 Qe7 19. Re1 b5 20. Rc3 Rxc5 21. Rxc5 Qxc5 22. g4 Be6 23. Qxd3 Qb4 24. Qc3 Qxc3 25. bxc3 Rc8 26. Rc1 Bxa2 27. Be2 b4 28. c4 b3 29. Bd3 b2 30. Rd1 Rb8 31. Bb1 Bxb1 32. Rxb1 a5 0-1

[Event "CZE-ch Youth G10-G12-G14 2022"]
[Site "Luhacovice"]
[Date "2022.03.14"]
[Round "4.31"]
[White "Veverkova, Dorota"]
[Black "Zadrapova, Amalie"]
[Result "0-1"]
[ECO "B23"]
[WhiteElo "1320"]
[BlackElo "1582"]
[Annotator "NA"]
[PlyCount "64"]
[EventDate "2022.03.12"]
[EventType "swiss"]
[EventCountry "CZE"]
[SourceTitle "playchess.com"]
[Source "ChessBase"]
[SourceQuality "1"]
[TimeControl "40/5400+30:1800+30"]

1. e4 c5 2. Nc3 Nc6 3. f4 g6 4. Nf3 Bg7 5. Bb5 e6 6. O-O Nge7 7. d3 O-O 8. Be3 Nd4 9. Rb1 d6 10. a3 b6 11. g4 f5 12. gxf5 exf5 13. Bc4+ Kh8 14. e5 d5 15. Ba2 Ne6 16. d4 c4 17. Kh1 Rg8 18. Nb5 Bd7 19. Nd6 Be8 20. Rg1 Nc8 21. Nxc8 Rxc8 22. c3 Bh6 23. Ng5 Bxg5 24. fxg5 Rc7 25. Qf3 Rf7 26. b3 b5 27. Bf2 Bc6 28. Rg3 Nxg5 29. Qf4 Ne4 30. Rh3 g5 31. Qe3 f4 32. Qe2 Bd7 0-1

[Event "CZE-ch Youth G10-G12-G14 2022"]
[Site "Luhacovice"]
[Date "2022.03.14"]
[Round "4.32"]
[White "Reznickova, Sibyla"]
[Black "Mikesova, Lenka"]
[Result "0-1"]
[ECO "D07"]
[WhiteElo "1304"]
[BlackElo "1364"]
[Annotator "NA"]
[PlyCount "74"]
[EventDate "2022.03.12"]
[EventType "swiss"]
[EventCountry "CZE"]
[SourceTitle "playchess.com"]
[Source "ChessBase"]
[SourceQuality "1"]
[TimeControl "40/5400+30:1800+30"]

1. d4 d5 2. c4 Nc6 3. Nf3 Bg4 4. Nc3 Nf6 5. Bg5 e6 6. e3 Bb4 7. Bd3 O-O 8. O-O h6 9. Bh4 Bxc3 10. bxc3 e5 11. h3 Bxf3 12. gxf3 Qd6 13. c5 Qe6 14. Kh2 Nh7 15. Rg1 g5 16. Qc2 f5 17. e4 dxe4 18. fxe4 exd4 19. cxd4 Nxd4 20. Qc3 Qe5+ 21. Kh1 Kh8 22. f4 gxf4 23. exf5 Qe3 24. Kh2 Nf6 25. Bxf6+ Rxf6 26. Raf1 Raf8 27. Rg6 Rxg6 28. fxg6 Qg3+ 29. Kh1 Qxh3+ 30. Kg1 Qe3+ 31. Kh1 Rf6 32. Qc4 Qh3+ 33. Kg1 Qg3+ 34. Kh1 f3 35. g7+ Qxg7 36. Rg1 Qf7 37. Qxd4 Qh5+ 0-1

[Event "CZE-ch Youth G10-G12-G14 2022"]
[Site "Luhacovice"]
[Date "2022.03.14"]
[Round "4.33"]
[White "Vacekova Anita"]
[Black "Barteckova, Denisa"]
[Result "0-1"]
[ECO "C02"]
[WhiteElo "1000"]
[BlackElo "1323"]
[Annotator "NA"]
[PlyCount "122"]
[EventDate "2022.03.12"]
[EventType "swiss"]
[EventCountry "CZE"]
[SourceTitle "playchess.com"]
[Source "ChessBase"]
[SourceQuality "1"]
[TimeControl "40/5400+30:1800+30"]

1. e4 e6 2. d4 d5 3. e5 c5 4. c3 Nc6 5. Nf3 Qb6 6. Bd3 Bd7 7. Qb3 c4 8. Qxb6 axb6 9. Bc2 b5 10. O-O b4 11. b3 b5 12. Bb2 bxc3 13. Nxc3 Nb4 14. Bd1 Nd3 15. Bc1 b4 16. Na4 Bb5 17. Bc2 c3 18. Rd1 Nxc1 19. Rdxc1 Ne7 20. Nc5 Nc6 21. Bd3 Bxd3 22. Nxd3 Be7 23. a3 Rxa3 24. Rxa3 bxa3 25. Rxc3 a2 26. Rc1 O-O 27. Ra1 Ra8 28. Nc1 Nb4 29. Ne1 Ra3 30. g3 Kf8 31. Kf1 Bd8 32. Ke2 Bb6 33. Ke3 f6 34. f4 Ke7 35. h3 h6 36. h4 h5 37. Nxa2 Nxa2 38. Nd3 Ra5 39. Rg1 f5 40. b4 Ra7 41. Ra1 Ra6 42. Nc5 Ra3+ 43. Kf2 Bxc5 44. dxc5 Kd7 45. b5 Ra4 46. Ke1 Nc3 47. Rxa4 Nxa4 48. c6+ Kc7 49. Kd2 Kb6 50. Kc2 Kxb5 51. c7 Nb6 52. Kc3 Kc6 53. Kb4 Kxc7 54. Kc5 Na4+ 55. Kb4 Nb2 56. Kc3 Nd1+ 57. Kd3 Nf2+ 58. Ke3 Ne4 59. Kf3 Kc6 60. Kg2 Kc5 61. Kf3 Kc4 0-1

[Event "CZE-ch Youth G10-G12-G14 2022"]
[Site "Luhacovice"]
[Date "2022.03.14"]
[Round "4.34"]
[White "Janouskova, Adela"]
[Black "Brezikova, Beata"]
[Result "1-0"]
[ECO "C44"]
[WhiteElo "1585"]
[BlackElo "1266"]
[Annotator "NA"]
[PlyCount "27"]
[EventDate "2022.03.12"]
[EventType "swiss"]
[EventCountry "CZE"]
[SourceTitle "playchess.com"]
[Source "ChessBase"]
[SourceQuality "1"]
[TimeControl "40/5400+30:1800+30"]

1. e4 e5 2. Nf3 Nc6 3. d4 exd4 4. c3 dxc3 5. Nxc3 Bb4 6. Bc4 Nge7 7. O-O d6 8. Ng5 O-O 9. Qh5 h6 10. Nxf7 Rxf7 11. Bxf7+ Kf8 12. Bb3 Ne5 13. f4 N5g6 14. f5 1-0

[Event "CZE-ch Youth G10-G12-G14 2022"]
[Site "Luhacovice"]
[Date "2022.03.14"]
[Round "4.35"]
[White "Sikorova, Jana"]
[Black "Archlebova, Stela"]
[Result "1-0"]
[ECO "D15"]
[WhiteElo "1427"]
[BlackElo "1121"]
[Annotator "NA"]
[PlyCount "43"]
[EventDate "2022.03.12"]
[EventType "swiss"]
[EventCountry "CZE"]
[SourceTitle "playchess.com"]
[Source "ChessBase"]
[SourceQuality "1"]
[TimeControl "40/5400+30:1800+30"]

1. d4 d5 2. c4 c6 3. Nc3 Nf6 4. Nf3 Bf5 5. Qb3 Qb6 6. c5 Qd8 7. Qxb7 Nbd7 8. Qxc6 e6 9. Bf4 Rc8 10. Qa4 Ra8 11. e3 Be7 12. Bb5 O-O 13. Bc6 Rc8 14. Bb7 Rb8 15. c6 Nb6 16. Qxa7 Bd6 17. Bxd6 Qxd6 18. Qxb6 Nd7 19. Qb3 Nf6 20. Nb5 Qe7 21. Rc1 e5 22. Nxe5 1-0

[Event "CZE-ch Youth G10-G12-G14 2022"]
[Site "Luhacovice"]
[Date "2022.03.14"]
[Round "4.36"]
[White "Kaplanova, Dominika"]
[Black "Stavova, Marketa"]
[Result "0-1"]
[ECO "C45"]
[WhiteElo "1269"]
[BlackElo "1146"]
[Annotator "NA"]
[PlyCount "76"]
[EventDate "2022.03.12"]
[EventType "swiss"]
[EventCountry "CZE"]
[SourceTitle "playchess.com"]
[Source "ChessBase"]
[SourceQuality "1"]
[TimeControl "40/5400+30:1800+30"]

1. e4 e5 2. Nf3 Nc6 3. d4 exd4 4. Nxd4 Bc5 5. Nb3 Bb6 6. Nc3 Nf6 7. Bg5 d6 8. Qe2 h6 9. Bh4 g5 10. Bg3 Be6 11. O-O-O Qe7 12. h4 O-O-O 13. hxg5 hxg5 14. Rxh8 Rxh8 15. Qd2 Ng4 16. Kb1 f6 17. f3 Nge5 18. Nd5 Qf7 19. Nxb6+ axb6 20. Bxe5 dxe5 21. Bb5 Rd8 22. Qe2 Rxd1+ 23. Qxd1 Qh7 24. Qf1 Qh2 25. Bxc6 bxc6 26. c3 Kb7 27. c4 Qf4 28. Qe2 f5 29. Nd2 g4 30. exf5 Bxf5+ 31. Kc1 gxf3 32. Qxf3 Qg5 33. Qe2 Bg6 34. b3 Qf5 35. Kb2 Qc2+ 36. Ka3 Qc1+ 37. Ka4 Qb2 38. a3 Qc3 0-1

[Event "CZE-ch Youth G10-G12-G14 2022"]
[Site "Luhacovice"]
[Date "2022.03.14"]
[Round "4.37"]
[White "Dominikova, Denisa"]
[Black "Kavanova, Anezka"]
[Result "1/2-1/2"]
[ECO "B72"]
[WhiteElo "1254"]
[BlackElo "1089"]
[Annotator "NA"]
[PlyCount "79"]
[EventDate "2022.03.12"]
[EventType "swiss"]
[EventCountry "CZE"]
[SourceTitle "playchess.com"]
[Source "ChessBase"]
[SourceQuality "1"]
[TimeControl "40/5400+30:1800+30"]

1. e4 c5 2. Nf3 d6 3. d4 cxd4 4. Nxd4 Nf6 5. Nc3 g6 6. Bc4 Bg7 7. O-O O-O 8. h3 Nc6 9. Be3 Bd7 10. Qd2 Ne5 11. Bb3 Rc8 12. f4 Nc4 13. Bxc4 Rxc4 14. b3 Rc8 15. Qd3 e5 16. fxe5 dxe5 17. Ndb5 Bxb5 18. Nxb5 Qxd3 19. cxd3 a6 20. Nd6 Rc3 21. Bg5 Nh5 22. Nxb7 f6 23. Bc1 Rb8 24. Nd6 Rxd3 25. Nc4 Ng3 26. Rf3 Rd1+ 27. Kf2 Nxe4+ 28. Ke2 Rdd8 29. Be3 Nc3+ 30. Ke1 Nd5 31. Bd2 f5 32. Rc1 e4 33. Rf2 Re8 34. Ne3 Rbd8 35. Rc6 Nxe3 36. Bxe3 a5 37. g4 fxg4 38. hxg4 Be5 39. Rfc2 Ra8 40. R2c4 1/2-1/2

[Event "CZE-ch Youth G10-G12-G14 2022"]
[Site "Luhacovice"]
[Date "2022.03.14"]
[Round "4.38"]
[White "Filipova, Vanesa"]
[Black "Dorazilova, Kristyna"]
[Result "1-0"]
[ECO "A45"]
[WhiteElo "1146"]
[BlackElo "1240"]
[Annotator "NA"]
[PlyCount "119"]
[EventDate "2022.03.12"]
[EventType "swiss"]
[EventCountry "CZE"]
[SourceTitle "playchess.com"]
[Source "ChessBase"]
[SourceQuality "1"]
[TimeControl "40/5400+30:1800+30"]

1. d4 Nf6 2. Nc3 e6 3. Bg5 Be7 4. Nf3 h6 5. Bh4 b6 6. e3 Bb7 7. Bd3 O-O 8. O-O d5 9. Re1 Nbd7 10. Qd2 c5 11. b3 Rc8 12. Qe2 cxd4 13. Nb5 dxe3 14. Qxe3 a6 15. Nbd4 Qc7 16. Bg3 Bd6 17. Nxe6 Bc5 18. Nxc7 Bxe3 19. Rxe3 Nc5 20. Bf5 Ncd7 21. Bd6 g6 22. Bxd7 Nxd7 23. Bxf8 Kxf8 24. Rc3 Nf6 25. Nxd5 Nxd5 26. Rxc8+ Bxc8 27. Rd1 Be6 28. c4 Nc7 29. Rd6 b5 30. c5 Ke7 31. Rd2 b4 32. Ne5 Bd5 33. h3 a5 34. c6 h5 35. g4 hxg4 36. hxg4 g5 37. Kf1 Ke6 38. Re2 Kd6 39. Ke1 f6 40. Nd7 Bxc6 41. Nxf6 Ne6 42. Ne4+ Kd5 43. f3 Bb7 44. Nd2 Nf4 45. Re7 Nd3+ 46. Kf1 Ba6 47. Ra7 Nc5+ 48. Kg2 Ke5 49. Ne4 Nxe4 50. fxe4 Bd3 51. Rxa5+ Kxe4 52. Rxg5 Bb1 53. Ra5 Kd4 54. a4 bxa3 55. Rxa3 Kc3 56. g5 Kb4 57. Ra6 Bc2 58. g6 Kb5 59. Rf6 Bxb3 60. g7 1-0